 Dungeon Crawl Stone Soup version 0.20-a0-1039-gf554463 (webtiles) character file.

1129 Alarkh the Insei (level 8, 6/61 HPs)
             Began as a Demonspawn Transmuter on Apr 22, 2017.
             Quit the game on level 5 of the Dungeon.
             The game lasted 00:07:03 (6806 turns).

Alarkh the Insei (Demonspawn Transmuter)            Turns: 6806, Time: 00:07:04

Health: 6/61       AC: 11    Str: 12    XL:     8   Next: 13%
Magic:  11/11      EV: 10    Int: 16    God:
Gold:   77         SH:  0    Dex: 10    Spells: 2/11 levels left

rFire    . . .     SeeInvis +     - Unarmed
rCold    + . .     Gourm    .   (no shield)
rNeg     . . .     Faith    +   B - +5 scale mail "Basi" {Dex-3 SInv Stlth+}
rPois    .         Spirit   +   (no helmet)
rElec    .         Reflect  .   (no cloak)
rCorr    +         Harm     .   (no gloves)
MR       .....                  (no boots)
Stlth    +.........             v - amulet of faith
Regen    0.2/turn               p - ring of resist corrosion
MPRegen  0.2/turn               A - ring of see invisible

@: no status effects
A: claws 1, fangs 1, cold resistance 1, magic shield
a: no special abilities


You were on level 5 of the Dungeon.
You were not hungry.

You visited 1 branch of the dungeon, and saw 5 of its levels.

You collected 245 gold pieces.
You spent 168 gold pieces at shops.

Inventory:

Missiles
 a - 60 arrows
Armour
 b - a +0 robe
 B - the +5 scale mail "Basi" (worn) {Dex-3 SInv Stlth+}
   (You found it on level 5 of the Dungeon)

   It affects your dexterity (-3).
   It lets you see invisible.
   It makes you more stealthy.
Jewellery
 l - the amulet "Wetremobb" {*Slow +Rage rElec rN+}
   (You found it on level 5 of the Dungeon)

   [amulet of rage]

   It insulates you from electricity.
   It protects you from negative energy.
   It lets you go berserk.
   It may slow you when you take damage.
 p - a ring of resist corrosion (left claw)
 v - an amulet of faith (around neck)
 A - a ring of see invisible (right claw)
 C - an uncursed ring of magical power
Wands
 k - a wand of paralysis (19/24)
 x - a wand of paralysis (7/24)
Scrolls
 e - a scroll of identify
 f - a scroll of immolation {unknown}
 i - 3 scrolls of remove curse
 n - a scroll of magic mapping
 o - a scroll of noise
 q - a scroll of enchant armour {unknown}
 r - a scroll of random uselessness
 s - a scroll of teleportation {unknown}
 t - 2 scrolls of recharging
 u - a scroll of amnesia
 y - a scroll of enchant weapon {unknown}
Potions
 g - 2 potions of curing
 j - 2 potions of mutation
 m - a potion of flight
 w - a potion of agility
Books
 c - a book of Changes

   Spells                             Type                      Level
   a - Beastly Appendage              Transmutation                1
   b - Sticks to Snakes               Transmutation                2
   c - Spider Form                    Transmutation/Poison         3
   d - Ice Form                       Ice/Transmutation            4
   e - Blade Hands                    Transmutation                5
Comestibles
 d - 2 bread rations
 h - 4 meat rations
 z - 2 fruits


   Skills:
 + Level 4.6 Fighting
 + Level 4.5 Dodging
 * Level 6.9 Unarmed Combat
 - Level 2.0 Spellcasting
 - Level 1.7 Transmutations


You had 2 spell levels left.
You knew the following spells:

 Your Spells              Type           Power        Failure   Level  Hunger
a - Sticks to Snakes      Tmut           #.......     63%         2    ###....
b - Ice Form              Ice/Tmut       #.......     100%        4    #####..
c - Spider Form           Tmut/Pois      #.........   94%         3    ###....


Dungeon Overview and Level Annotations

Branches:
Dungeon (5/15)
 Temple: D:4-7

Altars:
Dithmenos
Trog
Yredelemnul
The Shining One

Shops:
D:4 }

Annotations:
D:1 1 runed door
D:3 1 runed door


Innate Abilities, Weirdness & Mutations

You have sharp fingernails.
When hurt, damage is shared between your health and your magic reserves.
You have very sharp teeth.
Your flesh is cold resistant. (rC+)


Message History

The slime creature hits you.
* * * LOW HITPOINT WARNING * * *
You claw the slime creature!
You kill the slime creature!
You have reached level 8!
You feel stronger.
Your demonic ancestry asserts itself...
You feel your magical essence form a protective shroud around your flesh.
You scratch the jelly.
Your claws burn!
* * * LOW HITPOINT WARNING * * *
The jelly is lightly wounded.
The jelly barely misses you.
You claw the jelly!
Your claws burn!
* * * LOW HITPOINT WARNING * * *
Your bite misses the jelly.
The jelly is almost dead.
You claw the jelly!
You kill the jelly!
You start resting.
Magic restored.
Are you sure you want to abandon this character and quit the game? (Confirm with "yes".)

#.....###.....##
###'#######
#####.##.......#
#..........
+.......##.......#
#..........
####....##.......#
#..........
#.#.###.......#
#.......... #.#)
####....#
#.......... # #.
##..'....#
#.......... #.
#.########
#.......... #.
##...@..##
#..........
#######'##
....JP..÷#
....÷J...#
.P.....P.#
.........#
...P...P.#
?.....÷÷.#
##########


There were no monsters in sight!

Vanquished Creatures
  A slime creature (D:5)
  A hungry ghost (D:5)
  Menkaure (D:5)
  2 big kobolds (D:5)
  A scorpion (D:4)
  A howler monkey (D:5)
  2 centaur skeletons
  An orc priest (D:4)
  A bullfrog skeleton (D:5)
  3 jellies (D:5)
  Jessica (D:2)
  Terence (D:3)
  A worker ant (D:4)
  A worker ant zombie (D:5)
  A howler monkey skeleton (D:4)
  2 adders
  3 gnolls (D:3)
  4 oozes
  2 adder skeletons (D:4)
  2 worms
  4 dart slugs
  3 leopard geckos (D:3)
  15 orcs (D:4)
  A ball python (D:3)
  A giant cockroach (D:4)
  9 goblins
  5 hobgoblins
  6 jackals
  A quokka (D:2)
  4 bats
  5 frilled lizards
  13 kobolds
  2 quokka skeletons (D:4)
  7 rats
108 creatures vanquished.

Vanquished Creatures (others)
  A fungus (D:5)
  12 toadstools (D:5)
13 creatures vanquished.

Grand Total: 121 creatures vanquished

Notes
Turn   | Place    | Note
-------+----------+-------------------------------------------
     0 | D:1      | Alarkh the Demonspawn Transmuter began the quest for the Orb.
     0 | D:1      | Reached XP level 1. HP: 15/15 MP: 3/3
     1 | D:1      | Found a runed door.
   280 | D:1      | Reached skill level 3 in Unarmed Combat
   493 | D:1      | Gained mutation: You have sharp fingernails. [demonic ancestry]
   493 | D:1      | Reached XP level 2. HP: 21/21 MP: 5/5
  1174 | D:2      | Noticed Jessica
  1181 | D:2      | Gained mutation: You are frail. (-10% HP) [potion of mutation]
  1181 | D:2      | Gained mutation: You have very sharp teeth. [potion of mutation]
  1185 | D:2      | Killed Jessica
  1185 | D:2      | Reached XP level 3. HP: 22/24 MP: 6/6
  1246 | D:2      | Lost mutation: You are frail. (-10% HP) [potion of mutation]
  1246 | D:2      | Lost mutation: You have very sharp teeth. [potion of mutation]
  1246 | D:2      | Gained mutation: You have very sharp teeth. [potion of mutation]
  1246 | D:2      | Gained mutation: Your flesh is cold resistant. (rC+) [potion of mutation]
  1701 | D:2      | Reached XP level 4. HP: 33/33 MP: 7/7
  1750 | D:2      | Found a bloodstained altar of Trog.
  2142 | D:3      | Found a shadowy altar of Dithmenos.
  2431 | D:3      | Noticed Terence
  2439 | D:3      | Killed Terence
  2439 | D:3      | Reached skill level 4 in Unarmed Combat
  2646 | D:2      | Learned a level 2 spell: Sticks to Snakes
  2651 | D:2      | Learned a level 4 spell: Ice Form
  2876 | D:3      | Reached XP level 5. HP: 34/38 MP: 8/8
  3441 | D:3      | Found a runed door.
  3526 | D:3      | Found a glowing golden altar of the Shining One.
  3559 | D:3      | Found a basalt altar of Yredelemnul.
  3561 | D:3      | Noticed a profane servitor
  3619 | D:3      | Noticed an angel
  4537 | D:4      | Found Honiogan's Gadget Boutique.
  4703 | D:4      | Bought a wand of paralysis (10/24) for 168 gold pieces
  5082 | D:4      | Reached XP level 6. HP: 34/46 MP: 9/9
  5466 | D:4      | Reached skill level 5 in Unarmed Combat
  5734 | D:5      | Entered Level 5 of the Dungeon
  5751 | D:5      | Noticed Menkaure
  5905 | D:4      | Learned a level 3 spell: Spider Form
  5910 | D:5      | Killed Menkaure
  5913 | D:5      | Reached XP level 7. HP: 52/52 MP: 5/10
  6111 | D:5      | Got an ancient scale mail
  6122 | D:5      | Identified the +5 scale mail "Basi" {Dex-3 SInv Stlth+} (You found it on level 5 of the Dungeon)
  6256 | D:5      | Noticed a hungry ghost
  6292 | D:5      | Killed a hungry ghost
  6292 | D:5      | Reached skill level 6 in Unarmed Combat
  6483 | D:5      | Got a transparent bone amulet
  6485 | D:5      | Identified the amulet "Wetremobb" {*Slow +Rage rElec rN+} (You found it on level 5 of the Dungeon)
  6743 | D:5      | Noticed a slime creature
  6783 | D:5      | Killed a slime creature
  6783 | D:5      | Gained mutation: When hurt, damage is shared between your health and your magic reserves. [demonic ancestry]
  6783 | D:5      | Reached XP level 8. HP: 3/61 MP: 11/11
  6790 | D:5      | HP: 3/61 [acid (1)]
  6806 | D:5      | Quit the game

Vault maps used:
D:1:      dpeg_arrival_caged_fury, minmay_heptomino_l4
D:2:      bloody_trog, uniq_jessica
D:3:      grunt_temple_overflow_holy_war, grunt_dithmenos_smoke, uniq_terence,
          uniq_crazy_yiuf_cottage
D:4:      serial_shops, shop
D:5:      cheibrodos_fertilizer, kennysheep_mini,
          nicolae_overflow_hidden_temple, first_bread, uniq_menkaure

Skill      XL: |  1  2  3  4  5  6  7 |
---------------+----------------------+-----
Unarmed Combat | 3 4 5 6 |  6.9
Dodging        | 2 3 4 |  4.5
Fighting       | 2 3 4 |  4.6
Spellcasting   | |  2.0
Transmutations | |  1.7

Action                   |  1- 3 |  4- 6 |  7- 9 || total
-------------------------+-------+-------+-------++-------
Melee: Unarmed           |   110 |   235 |   120 ||   465
       Bite              |     3 |    29 |    10 ||    42
       Punch             |       |     4 |     3 ||     7
 Cast: Sticks to Snakes  |       |     2 |       ||     2
       Ice Form          |       |     1 |       ||     1
Evoke: Wand              |       |       |     1 ||     1
  Use: Potion            |     4 |     5 |       ||     9
       Scroll            |       |     7 |     1 ||     8
 Stab: Sleeping          |       |     1 |       ||     1
       Paralysed         |       |       |     1 ||     1
  Eat: Chunk             |     3 |     8 |     1 ||    12
       Bread ration      |       |     1 |       ||     1
       Fruit             |       |       |     2 ||     2
       Meat ration       |       |       |     1 ||     1
       Royal jelly       |       |       |     1 ||     1
Armor: Robe              |    21 |    18 |     1 ||    40
       Skin              |       |     1 |       ||     1
       Scale mail        |       |       |    93 ||    93
Dodge: Dodged            |    66 |   118 |    74 ||   258
